 Dungeon Crawl Stone Soup version 0.29-a0-1027-gcd8c55af63 (webtiles) character file.

Game seed: 13900581112086333024

14 Manisian the Insei (level 2, 15/18 HPs)
             Began as an Octopode Transmuter on Aug 12, 2022.
             Quit the game on level 1 of the Dungeon.
             The game lasted 00:01:31 (351 turns).

Manisian the Insei (Octopode Transmuter)             Turns: 351, Time: 00:01:32

Health: 15/18      AC:  1    Str:  9    XL:     2   Next: 45%
Magic:  5/5        EV: 13    Int: 15    God:
Gold:   40         SH:  0    Dex: 12    Spells: 2/5 levels left

rFire   . . .      SeeInvis .   c - +0 dagger
rCold   . . .      Faith    .   (no shield)
rNeg    . . .      Spirit   .   (helmet restricted)
rPois   .          Reflect  .   (no amulet)
rElec   .          Harm     .   (no ring)
rCorr   .          Rampage  .   (no ring)
Will    .....                   (no ring)
Stlth   +++.......              (no ring)
HPRegen 0.06/turn               (no ring)
MPRegen 0.09/turn               (no ring)
                                (no ring)
                                (no ring)

@: no status effects
A: almost no armour, amphibious, 8 rings, camouflage 1, gelatinous body 1,
(nimble swimmer 1), tentacles
a: no special abilities


You were on level 1 of the Dungeon.
You visited 1 branch of the dungeon, and saw 2 of its levels.

You collected 40 gold pieces.

Inventory:

Hand Weapons
 c - a +0 dagger (weapon)
Missiles
 e - 2 stones (quivered)
Scrolls
 d - a scroll of immolation {unknown}
Potions
 a - a potion of lignification
 b - a potion of curing {unknown}


   Skills:
 + Level 1.0 Fighting
 + Level 2.0 Dodging
 + Level 1.1 Stealth
 + Level 3.2 Unarmed Combat
 + Level 2.2 Spellcasting
 + Level 2.2 Transmutations


You had 2 spell levels left.
You knew the following spells:

 Your Spells              Type           Power      Damage    Failure   Level
a - Beastly Appendage     Tmut           16%        N/A       9%          1
b - Wereblood             Tmut           8%         N/A       13%         2

Your spell library contained the following spells:

 Spells                   Type           Power      Damage    Failure   Level
 Spider Form              Tmut/Pois      5%         N/A       38%         3
 Ozocubu's Armour         Ice            1%         N/A       54%         3
 Ice Form                 Ice/Tmut       5%         N/A       80%         4
 Metabolic Englaciation   Hex/Ice        0%         N/A       99%         5
 Simulacrum               Ice/Necr       0%         N/A       100%        6


Dungeon Overview and Level Annotations

Branches:
Dungeon (2/15)

Altars:

Shops:
D:1 *


Innate Abilities, Weirdness & Mutations

You cannot wear most types of armour.
You are amphibious.
You can wear up to eight rings at the same time.
Your skin changes colour to match your surroundings (Stealth+).
Your rubbery body absorbs attacks. (AC +1, EV +1)
((You are camouflaged when in or above water. (Stealth+)))
You have tentacles for arms and can constrict up to eight enemies at once.


Message History

The frilled lizard hisses angrily.
There is a stone staircase leading down here.
You closely miss the frilled lizard. You grab the frilled lizard.
You constrict the frilled lizard, but do no damage.
The frilled lizard barely misses you.
You barely miss the frilled lizard. You squeeze the frilled lizard.
You kill the frilled lizard!
No target in view!
You see here a frilled lizard corpse.
A frilled lizard comes into view.
A frilled lizard is nearby!
A frilled lizard is nearby!
A frilled lizard is nearby!
The helpless frilled lizard fails to defend itself.
You hit the frilled lizard.
You kill the frilled lizard!
Found Esepaox's General Store.
A goblin comes into view. It is wielding a +0 club.
The goblin shouts!
A rat comes into view.
There are monsters nearby!
Throw: 3 stones
Press: ? - help, Q - select action, (/) - cycle Shift-Dir - straight line, f - goblin
Aim: a goblin, wielding a +0 club (47% to hit)
You throw a stone. The stone misses the goblin.
You barely miss the goblin. Your grab misses the goblin.
Your squeeze misses the goblin. The goblin hits you with a +0 club.
You hit the goblin but do no damage. You grab the goblin.
You squeeze the goblin.
You kill the goblin!
The rat barely misses you.
You closely miss the rat. You grab the rat. You constrict the rat.
The rat completely misses you.
You hit the rat.
You kill the rat!
No target in view!
You now have 40 gold pieces (gained 13).
There is an entrance to Esepaox's General Store here.
Unknown command.
Are you sure you want to abandon this character and quit the game? (Confirm with "yes".)

.....####...........# ..
...................# #.###..
..... .......#
.......####.###.......
...............##..##.##
.........)..............
..#.......#.###.#.###.#.
..........#.###.#.# ...
.......@........#.# ##.
..................#####.
........................
....#.##.##............#
##............................
.........................†.#..
#...#....#.#####..#..#.####..
#...#....#.# #..............
#........#.# #.##.##........


There were no monsters in sight!

Vanquished Creatures
  An endoplasm (D:1)
  A giant cockroach (D:1)
  2 goblins (D:1)
  2 hobgoblins (D:1)
  A quokka (D:1)
  3 frilled lizards (D:1)
  4 rats (D:1)
14 creatures vanquished.

Notes
Turn   | Place    | Note
-------+----------+-------------------------------------------
     0 | D:1      | Manisian the Octopode Transmuter began the quest for the
                  | Orb.
     0 | D:1      | Reached XP level 1. HP: 13/13 MP: 3/3
    36 | D:1      | Found a faded altar of an unknown god.
   246 | D:1      | Reached XP level 2. HP: 18/18 MP: 5/5
   249 | D:1      | Learned a level 2 spell: Wereblood
   274 | D:1      | Reached skill level 1 in Stealth
   335 | D:1      | Found Esepaox's General Store.
   351 | D:1      | Quit the game

Illustrated notes

Levels and vault maps discovered:
D:1:      beargit_arrival_greenhouse, layout_basic,
          ebering_ecumenical_altar_box, serial_shops, shop, minmay_octomino_j4
D:2:      layout_basic, uniq_sigmund, uniq_robin

Skill      XL: |  1  2 |
---------------+-------+-----
Stealth        | 1 |  1.1
Fighting       | |  1.0
Dodging        | |  2.0
Unarmed Combat | |  3.2
Spellcasting   | |  2.2
Transmutations | |  2.2

Action                   || total
-------------------------++-------
Melee: Dagger            ||    20
       Unarmed           ||     4
       Tentacles         ||     6
       Constrict         ||     7
       Kick              ||     1
       Punch             ||     1
Throw: Stone             ||     5
 Cast: Beastly Appendage ||     3
 Stab: Sleeping          ||     5
Dodge: Dodged            ||     9

Table legend: (Time is in decaauts)
 A = Elapsed time spent in this place.
 B = Non-inter-level travel time spent in this place.
 C = Inter-level travel time spent in this place.
 D = Time resting spent in this place.
 E = Time spent auto-exploring this place.
 F = Levels seen in this place.
 G = Mean time per level.
                   A        B        C        D        E       F      G
               +--------+--------+--------+--------+--------+-----+--------+
         Total |    351 |    351 |      0 |     10 |    155 |   2 |  175.5 |
       Dungeon |    351 |    351 |      0 |     10 |    155 |   2 |  175.5 |
               +--------+--------+--------+--------+--------+-----+--------+

Top non-repeatable levels by time:
     D:1: 349 daAuts
     D:2: 1 daAuts
